[ PARTIDA AOE2 · #513886625 ]
UnrankedSicilianos vs Magyars
Equipo del jugador · VICT
Equipo rival · DERR
[ ANÁLISIS DE REPETICIÓN · EXTRAÍDO DE LA PARTIDA GRABADA ]
Feudal
—
Castillos
—
Imperial
—
| APM promedio | 63.7 |
| APM pico | 82 |
| eAPM promedio | 31.0 |
| Aldeanos / militares | 57 / 0 |
Foco
⚔️ 40.5% · 🌾 59.5%
Feudal
—
Castillos
—
Imperial
—
| APM promedio | 69.7 |
| APM pico | 95 |
| eAPM promedio | 33.8 |
| Aldeanos / militares | 31 / 0 |
Foco
⚔️ 11.1% · 🌾 88.9%
Mapa de la partida
Recursos iniciales + cada clic de construcción. Líneas = muros · curvas = relieve. ◆ oro · ⬟ piedra · ● bayas · ✦ reliquia · ◌ hueco del cierre
Tu base
Base de SnowyP
Terreno inicial suavizado · ◌ = hueco del cierre detectado · pasá el cursor para detalles
Inputs por minuto
— el rey de los chanchos - - SnowyP
Build order — el rey de los chanchos
96 acciones detectadas en el replay
| 0:01 | queue | Villager (Male) |
| 0:01 | queue | Villager (Male) |
| 0:01 | queue | Villager (Male) |
| 0:01 | queue | Villager (Male) |
| 0:02 | queue | Villager (Male) |
| 0:02 | Construir | House |
| 0:04 | Construir | House |
| 0:12 | Investigar | Loom |
| 0:13 | queue | Villager (Male) |
| 0:13 | queue | Villager (Male) |
| 0:13 | queue | Villager (Male) |
| 0:13 | queue | Villager (Male) |
| 1:46 | Construir | House |
| 1:55 | queue | Villager (Male) |
| 1:55 | queue | Villager (Male) |
| 1:55 | queue | Villager (Male) |
| 2:46 | queue | Villager (Male) |
| 2:52 | Construir | Palisade Wall |
| 2:53 | Construir | Palisade Wall |
| 2:53 | Construir | Palisade Wall |
| 2:53 | Construir | Palisade Wall |
| 2:53 | Construir | Palisade Wall |
| 2:54 | Construir | Palisade Wall |
| 2:54 | Construir | Palisade Wall |
| 2:54 | Construir | Palisade Wall |
| 2:54 | Construir | Palisade Wall |
| 2:55 | Construir | Palisade Wall |
| 2:55 | Construir | Palisade Wall |
| 2:55 | Construir | Palisade Wall |
| 2:56 | Construir | Palisade Wall |
| 2:56 | Construir | Palisade Wall |
| 2:56 | Construir | Palisade Wall |
| 2:56 | Construir | Palisade Wall |
| 2:57 | Construir | Palisade Wall |
| 2:57 | Construir | Palisade Wall |
| 2:57 | Construir | Palisade Wall |
| 2:57 | Construir | Palisade Wall |
| 2:59 | queue | Villager (Male) |
| 2:59 | queue | Villager (Male) |
| 3:00 | queue | Villager (Male) |
| 3:01 | queue | Villager (Male) |
| 3:01 | queue | Villager (Male) |
| 4:18 | queue | Villager (Male) |
| 4:18 | queue | Villager (Male) |
| 4:18 | queue | Villager (Male) |
| 4:19 | queue | Villager (Male) |
| 4:19 | queue | Villager (Male) |
| 4:19 | queue | Villager (Male) |
| 5:03 | queue | Villager (Male) |
| 5:03 | queue | Villager (Male) |
| 5:04 | queue | Villager (Male) |
| 5:09 | Construir | House |
| 5:10 | Construir | House |
| 5:12 | Construir | Lumber Camp |
| 5:36 | Construir | Palisade Wall |
| 5:37 | Construir | Palisade Wall |
| 5:56 | Construir | Palisade Wall |
| 6:00 | Construir | Palisade Wall |
| 6:18 | queue | Villager (Male) |
| 6:19 | queue | Villager (Male) |
| 6:19 | queue | Villager (Male) |
| 6:24 | Construir | Palisade Wall |
| 6:25 | Construir | Palisade Wall |
| 6:27 | queue | Villager (Male) |
| 6:27 | queue | Villager (Male) |
| 6:30 | queue | Villager (Male) |
| 6:31 | queue | Villager (Male) |
| 6:43 | queue | Villager (Male) |
| 6:44 | queue | Villager (Male) |
| 7:23 | Construir | Palisade Wall |
| 7:50 | queue | Villager (Male) |
| 7:50 | queue | Villager (Male) |
| 7:51 | queue | Villager (Male) |
| 7:59 | Construir | House |
| 8:11 | queue | Villager (Male) |
| 8:11 | queue | Villager (Male) |
| 8:11 | queue | Villager (Male) |
| 8:11 | queue | Villager (Male) |
| 8:12 | queue | Villager (Male) |
| 8:12 | queue | Villager (Male) |
| 8:38 | Construir | House |
| 8:41 | Construir | House |
| 8:52 | queue | Villager (Male) |
| 8:52 | queue | Villager (Male) |
| 8:53 | queue | Villager (Male) |
| 8:53 | queue | Villager (Male) |
| 9:38 | Construir | Town Center |
| 9:53 | Construir | Palisade Gate |
| 10:10 | queue | Villager (Male) |
| 10:10 | queue | Villager (Male) |
| 10:10 | queue | Villager (Male) |
| 10:11 | queue | Villager (Male) |
| 10:11 | queue | Villager (Male) |
| 10:11 | queue | Villager (Male) |
| 10:11 | queue | Villager (Male) |
| 10:12 | queue | Villager (Male) |
Build order — SnowyP
46 acciones detectadas en el replay
| 0:01 | queue | Villager (Male) |
| 0:01 | queue | Villager (Male) |
| 0:02 | Construir | House |
| 0:03 | Construir | House |
| 0:27 | queue | Villager (Male) |
| 0:27 | queue | Villager (Male) |
| 1:26 | queue | Villager (Male) |
| 1:58 | queue | Villager (Male) |
| 2:20 | queue | Villager (Male) |
| 2:50 | queue | Villager (Male) |
| 2:51 | queue | Villager (Male) |
| 2:58 | queue | Villager (Male) |
| 3:11 | Construir | Lumber Camp |
| 3:14 | Construir | House |
| 3:22 | queue | Villager (Male) |
| 3:22 | queue | Villager (Male) |
| 4:00 | queue | Villager (Male) |
| 4:00 | queue | Villager (Male) |
| 4:02 | queue | Villager (Male) |
| 4:19 | queue | Villager (Male) |
| 4:27 | queue | Villager (Male) |
| 4:27 | queue | Villager (Male) |
| 4:33 | Investigar | Loom |
| 4:34 | queue | Villager (Male) |
| 5:26 | Construir | Mill |
| 5:29 | queue | Villager (Male) |
| 5:47 | queue | Villager (Male) |
| 5:50 | Construir | House |
| 6:10 | queue | Villager (Male) |
| 6:31 | Construir | Farm |
| 6:38 | queue | Villager (Male) |
| 6:54 | queue | Villager (Male) |
| 7:21 | queue | Villager (Male) |
| 7:23 | Construir | Farm |
| 7:25 | queue | Villager (Male) |
| 7:30 | queue | Villager (Male) |
| 7:35 | queue | Villager (Male) |
| 7:46 | queue | Villager (Male) |
| 7:49 | Construir | Farm |
| 7:56 | queue | Villager (Male) |
| 8:19 | queue | Villager (Male) |
| 8:40 | Construir | Mill |
| 8:51 | Construir | House |
| 9:06 | Investigar | Feudal Age |
| 9:07 | Investigar | Feudal Age |
| 9:36 | Construir | Farm |
Cronología de la partida
| 2:52 | el rey de los chanchos · wall_segment Palisade Wall x1 |
| 2:53 | el rey de los chanchos · wall_segment Palisade Wall x1 |
| 2:53 | el rey de los chanchos · wall_segment Palisade Wall x1 |
| 2:53 | el rey de los chanchos · wall_segment Palisade Wall x1 |
| 2:53 | el rey de los chanchos · wall_segment Palisade Wall x2 |
| 2:54 | el rey de los chanchos · wall_segment Palisade Wall x1 |
| 2:54 | el rey de los chanchos · wall_segment Palisade Wall x1 |
| 2:54 | el rey de los chanchos · wall_segment Palisade Wall x1 |
| 2:54 | el rey de los chanchos · wall_segment Palisade Wall x1 |
| 2:55 | el rey de los chanchos · wall_segment Palisade Wall x2 |
| 2:55 | el rey de los chanchos · wall_segment Palisade Wall x1 |
| 2:55 | el rey de los chanchos · wall_segment Palisade Wall x1 |
| 2:56 | el rey de los chanchos · wall_segment Palisade Wall x2 |
| 2:56 | el rey de los chanchos · wall_segment Palisade Wall x1 |
| 2:56 | el rey de los chanchos · wall_segment Palisade Wall x2 |
| 2:56 | el rey de los chanchos · wall_segment Palisade Wall x1 |
| 2:57 | el rey de los chanchos · wall_segment Palisade Wall x2 |
| 2:57 | el rey de los chanchos · wall_segment Palisade Wall x1 |
| 2:57 | el rey de los chanchos · wall_segment Palisade Wall x2 |
| 2:57 | el rey de los chanchos · wall_segment Palisade Wall x1 |
| 5:36 | el rey de los chanchos · wall_segment Palisade Wall x1 |
| 5:37 | el rey de los chanchos · wall_segment Palisade Wall x1 |
| 5:56 | el rey de los chanchos · wall_segment Palisade Wall x2 |
| 6:00 | el rey de los chanchos · wall_segment Palisade Wall x1 |
| 6:24 | el rey de los chanchos · wall_segment Palisade Wall x1 |
| 6:25 | el rey de los chanchos · wall_segment Palisade Wall x1 |
| 7:23 | el rey de los chanchos · wall_segment Palisade Wall x1 |
| 10:15 | SnowyP · resign |
[ ANÁLISIS IA · 1 CRÉDITO ]
¿Qué pasó realmente en esta partida?
Wolo.gg analiza cada decisión: build order, eco, micro, errores típicos por bracket. Análisis personalizado por WhatsApp o Discord en 30 segundos.
Guía civ
Sicilianos
Perfil
Jugador #25988091